 Dungeon Crawl Stone Soup version 0.30-a0-365-ge7f957f1db (webtiles) character file.

Game seed: 16115158142548364525

104904 Lobster4 the Earth Mage (level 16, -9/101 HPs)
             Began as a Gargoyle Earth Elementalist on Nov 17, 2022.
             Was a High Priest of Vehumet.
             Killed from afar by Nikola (82 damage)
             ... with an arc of chain lightning
             ... on level 2 of the Elven Halls.
             The game lasted 01:46:36 (25702 turns).

Lobster4 the Earth Mage (GrEE)                     Turns: 25702, Time: 01:46:36

Health: -9/101     AC: 30    Str: 12    XL:     16   Next: 40%
Magic:  7/30       EV: 10    Int: 24    God:    Vehumet [*****.]
Gold:   682        SH: 13    Dex: 10    Spells: 7/35 levels left

rFire   + . .      SeeInvis +    P - staff of earth
rCold   + . .      Faith    .    L - +2 kite shield {reflect}
rNeg    + . .      Spirit   .    h - +0 acid dragon scales
rPois   ∞          Reflect  +    N - +2 helmet
rElec   +          Harm     .    F - scarf {rC+ rF+}
rCorr   +          Rampage  .    l - +2 pair of gloves
Will    ++...                    i - +1 pair of boots
Stlth   ++........               g - amulet of magic regeneration
HPRegen 0.36/turn                K - ring of willpower
MPRegen 0.62/turn                c - ring of see invisible

@: flying, very slightly contaminated
A: sickness immunity, AC +12, big wings, negative energy resistance 1,
electricity resistance, torment resistance 1, petrification resistance
a: Renounce Religion


You were on level 2 of the Elven Halls.
You worshipped Vehumet.
Vehumet was extremely pleased with you.
You visited 5 branches of the dungeon, and saw 23 of its levels.
You also visited: Sewer and Ossuary.

You collected 3249 gold pieces.
You spent 2567 gold pieces at shops.

Inventory:

Hand Weapons
 b - a +1 vorpal morningstar
 u - a +1 sling
 T - a +7 vorpal scimitar
Missiles
 f - 4 throwing nets
 p - 7 boomerangs
 E - 3 curare-tipped darts
 M - 5 silver boomerangs
 R - 5 boomerangs of dispersal
Armour
 a - a +1 robe of fire resistance
 e - a +2 buckler of cold resistance
 h - +0 acid dragon scales (worn)
 i - a +1 pair of boots (worn)
 l - a +2 pair of gloves (worn)
 F - a scarf of resistance (worn)
 L - a +2 kite shield of reflection (worn)
 N - a +2 helmet (worn)
Magical Staves
 r - a staff of cold
 P - a staff of earth (weapon)
Jewellery
 c - a ring of see invisible (right hand)
 g - an amulet of magic regeneration (around neck)
 K - a ring of willpower (left hand)
 S - a ring of willpower
 Z - a +4 ring of evasion
Wands
 G - a wand of iceblast (26)
 I - a wand of paralysis (8)
 Q - a wand of flame (21)
 X - a wand of acid (6)
Scrolls
 j - 5 scrolls of immolation
 k - 2 scrolls of enchant weapon
 m - 4 scrolls of teleportation
 o - 2 scrolls of magic mapping
 s - 4 scrolls of fear
 w - 4 scrolls of poison
 y - 2 scrolls of brand weapon
 C - 2 scrolls of butterflies
 D - 11 scrolls of identify
 H - a scroll of blinking
 U - a scroll of silence
Potions
 d - 4 potions of brilliance
 q - 5 potions of haste
 t - a potion of might
 v - 3 potions of flight
 x - 2 potions of magic
 z - a potion of berserk rage
 A - a potion of heal wounds
 B - 8 potions of lignification
 J - 12 potions of curing
 V - a potion of ambrosia
 W - a potion of invisibility
Miscellaneous
 O - a condenser vane


   Skills:
 + Level 12.2 Fighting
 - Level 3.0 Staves
 - Level 3.0 Ranged Weapons
 - Level 1.0 Throwing
 - Level 10.0 Armour
 - Level 2.0 Dodging
 - Level 3.0 Stealth
 + Level 11.1 Shields
 - Level 10.0 Spellcasting
 - Level 8.0 Conjurations
 - Level 6.0 Necromancy
 - Level 2.0 Transmutations
 - Level 3.0 Ice Magic
 - Level 3.0 Air Magic
 * Level 18.6 Earth Magic
 - Level 3.0 Poison Magic
 - Level 5.0 Evocations


You had 7 spell levels left.
You knew the following spells:

 Your Spells              Type           Power      Damage    Failure   Level
a - Magic Dart            Conj           100%       1d8       1%          1
b - Sandblast             Erth           100%       2d20      0%          1
c - Stone Arrow           Conj/Erth      100%       3d13      1%          3
d - Mephitic Cloud        Conj/Pois/Air  34%        N/A       1%          3
e - Frozen Ramparts       Ice            52%        1d8       3%          3
f - Kiss of Death         Conj/Necr      100%       2d13      1%          1
g - Passwall              Tmut/Erth      62%        N/A       1%          2
h - Borgnjor's Vile Clut  Necr/Erth      41%        N/A       2%          5
l - Lee's Rapid Deconstr  Erth           50%        3d24*     1%          5
p - Petrify               Tmut/Erth      75%        N/A       2%          4

Your spell library contained the following spells:

 Spells                   Type           Power      Damage    Failure   Level
 Yara's Violent Unravell  Hex/Tmut       8%         3d5       54%         5
 Foxfire                  Conj/Fire      100%       2x1d9     1%          1
 Freeze                   Ice            100%       1d10      1%          1
 Momentum Strike          Conj/Tloc      62%        3d9       1%          2
 Static Discharge         Conj/Air       76%        2-6/arc   1%          2
 Hailstorm                Conj/Ice       38%        3d9       1%          3
 Scorch                   Fire           24%        2d6       6%          2
 Flame Wave               Conj/Fire      31%        2d9       8%          4
 Sticky Flame             Conj/Fire      31%        2d5       8%          4
 Inner Flame              Hex/Fire       12%        N/A       12%         3
 Arcjolt                  Conj/Air       19%        1d29      12%         5
 Lightning Bolt           Conj/Air       19%        1d33      12%         5
 Animate Dead             Necr           40%        N/A       13%         4
 Dispel Undead            Necr           40%        3d16      13%         4
 Fireball                 Conj/Fire      15%        3d8       21%         5
 Blink                    Tloc           24%        N/A       22%         2
 Vhi's Electric Charge    Tloc/Air       38%        N/A       24%         3
 Confusing Touch          Hex            12%        N/A       41%         3
 Lesser Beckoning         Tloc           24%        N/A       41%         3
 Portal Projectile        Hex/Tloc       24%        N/A       41%         3
 Tukima's Dance           Hex            12%        N/A       41%         3
 Summon Ice Beast         Ice/Summ       19%        N/A       63%         4
 Starburst                Conj/Fire      15%        6d6       71%         6
 Alistair's Intoxication  Tmut/Pois      16%        N/A       83%         5
 Eringya's Noxious Bog    Tmut/Pois      12%        N/A       87%         6
 Blade Hands              Tmut           10%        N/A       88%         5
 Summon Mana Viper        Hex/Summ       12%        N/A       99%         5
 Summon Cactus Giant      Summ           6%         N/A       100%        6
 Haunt                    Necr/Summ      13%        N/A       100%        7
 Monstrous Menagerie      Summ           6%         N/A       100%        7
 Infestation              Necr           20%        N/A       100%        8


Dungeon Overview and Level Annotations

Branches:
Dungeon (13/15)            Temple (1/1) D:5            Lair (5/5) D:11
  Swamp (0/4) Lair:2        Snake (0/4) Lair:2        Slime (0/5) Lair:5
    Orc (2/2) D:9             Elf (2/3) Orc:2         Sewer (visited)
Ossuary (visited)
 Vaults: D:13-14

Altars:
Ashenzari
Cheibriados
Dithmenos
Elyvilon
Fedhas
Gozag
Hepliaklqana
Kikubaaqudgha
Makhleb
Nemelex Xobeh
Okawaru
Qazlal
Ru
Sif Muna
Trog
Uskayaw
Vehumet
Wu Jian
Xom
Yredelemnul
Zin
The Shining One
Jiyva

Shops:
D:7 ?   D:8 (   Orc:1 *   Orc:2 ([=**   Elf:1 (

Portals:
Trove: Elf:1 (give 8 potions of haste)

Annotations:
D:6 3 exclusions
D:11 3 runed translucent doors
D:13 3 runed translucent doors, clovenhoof's ghost, journeyman GnWn
Lair:4 Urug
Elf:1 exclusion: orange crystal statue
Elf:2 Nikola


Innate Abilities, Weirdness & Mutations

You are immune to sickness and miasma.
Your stone body is resilient. (AC +12)
You are immune to poison.
Your large and strong wings let you fly.
You resist negative energy. (rN+)
You are resistant to electric shocks. (rElec)
You are resistant to unholy torment.
You are immune to petrification.


Message History

Casting: Stone Arrow (safe; 1% risk of failure)
Confirm with . or Enter, or press ? or * to list all spells.
Aiming: Stone Arrow (safe; 1% risk of failure)
Press: ? - help, Shift-Dir - straight line, f/p - Nikola
Aim: Nikola, wielding a +3 rapier of electrocution, wearing a +0 cloak and wearing a +0 pair of gloves (heavily wounded, spells empowered, constricted by zombie hands, 100% to hit)
You feel a surge of power!
The stone arrow hits Nikola!
Nikola is heavily wounded.
The zombie hands constrict Nikola!
Nikola gestures wildly while chanting.
Nikola blinks free!
Casting: Stone Arrow (safe; 1% risk of failure)
Confirm with . or Enter, or press ? or * to list all spells.
Aiming: Borgnjor's Vile Clutch (dangerous; 2% risk of failure)
Press: ? - help, Shift-Dir - straight line, f/p - Nikola
Aim: Nikola, wielding a +3 rapier of electrocution, wearing a +0 cloak and wearing a +0 pair of gloves (heavily wounded, spells empowered, 100% to hit)
You feel a surge of power!
You miscast Borgnjor's Vile Clutch.
You are very lightly contaminated with residual magic.
Nothing appears to happen.
Nikola mumbles, "Hm, I wonder if you're conductive."
Casting: Borgnjor's Vile Clutch (dangerous; 2% risk of failure)
Confirm with . or Enter, or press ? or * to list all spells.
Aiming: Borgnjor's Vile Clutch (dangerous; 2% risk of failure)
Press: ? - help, Shift-Dir - straight line, f/p - Nikola
Aim: Nikola, wielding a +3 rapier of electrocution, wearing a +0 cloak and wearing a +0 pair of gloves (heavily wounded, spells empowered, 100% to hit)
You feel a surge of power!
Zombie hands grab Nikola.
The zombie hands constrict Nikola.
Nikola hits you but does no damage.
Casting: Borgnjor's Vile Clutch (dangerous; 2% risk of failure)
Confirm with . or Enter, or press ? or * to list all spells.
Aiming: Stone Arrow (safe; 1% risk of failure)
Press: ? - help, Shift-Dir - straight line, f/p - Nikola
Aim: Nikola, wielding a +3 rapier of electrocution, wearing a +0 cloak and wearing a +0 pair of gloves (heavily wounded, spells empowered, constricted by zombie hands, 100% to hit)
You feel a surge of power!
The stone arrow hits Nikola!
Nikola is severely wounded.
The zombie hands constrict Nikola!
Nikola casts a spell.
Lightning arcs from Nikola's hands!
The bolt of lightning hits you!!!! You resist.
Ouch! That really hurt!
You die...

#..#.......#..'..
#..#..#.......#..#..
#..#..#.......#..#..
#..#..###'#####..###
#..#................
#..#................
#..#################
#...................
#.@@................
#..##'#########'####
#..+................
#..#................
#..#................
#..#................
#..#............)...
#..#..........>.....
#. #................


You could see Nikola (empowered, clutched).

Vanquished Creatures
  Gastronok (D:9)
  2 orc warlords
  A deep elf demonologist (Elf:1)
  Azrael (Elf:1)
  A deep elf annihilator (Elf:2)
  Snorg (D:12)
  A dire elephant (Lair:5)
  A deep elf high priest (Elf:1)
  Harold (D:9)
  Fannar (D:12)
  3 hydras
  3 boulder beetles
  An ogre mage (Orc:2)
  A centaur warrior (D:13)
  A two-headed ogre (D:12)
  2 catoblepae (Lair:3)
  2 death yaks (Lair:5)
  5 dancing weapons
  2 orc high priests (Orc:2)
  5 tengu warriors (D:13)
  8 deep elf knights
  A spectral dire elephant (Lair:5)
  Nergalle (Lair:2)
  A spectral anaconda (Lair:5)
  An obsidian statue (Lair:5)
  3 deep elf archers
  4 harpies (D:13)
  4 necromancers (Lair:5)
  Pikel (D:8)
  5 orc knights (Orc:2)
  2 lindwurms
  20 deep elf pyromancers
  13 deep elf zephyrmancers
  9 orc sorcerers
  An ugly thing (D:12)
  2 cyclopes
  5 manticores
  15 elephants
  3 black mambas
  Maggie (D:9)
  13 cane toads
  An unseen horror (D:11)
  2 rime drakes
  A kobold demonologist (D:10)
  Psyche (D:8)
  5 komodo dragons (Lair:5)
  2 guardian mummies (Elf:1)
  3 trolls
  A hornet (D:11)
  Prince Ribbit (D:5)
  11 blink frogs
  An air elemental (Elf:2)
  6 dream sheep (Lair:5)
  3 shadows
  2 wyverns
  3 vampires
  3 wraiths
  72 yaks
  6 basilisks
  3 water elementals
  Grum (D:9)
  5 fire elementals (Elf:1)
  4 vampire mosquitoes (D:11)
  A steam dragon (Lair:4)
  4 nagas (Lair:2)
  13 wargs
  Edmund (D:5)
  A spectral cane toad (Lair:5)
  2 acid dragons (D:10)
  5 hell hounds (Elf:1)
  17 water moccasins
  2 elephant zombies (Lair:5)
  A sky beast (D:5)
  2 ice beasts
  25 orc warriors
  5 black bears
  3 ogres
  15 wolves
  9 centaurs
  9 kobold brigands
  10 bullfrogs
  A gnoll sergeant (D:5)
  A necrophage (D:7)
  2 scorpions (D:6)
  2 water moccasin zombies (Ossuary)
  4 wights (D:9)
  An elephant simulacrum (Lair:5)
  3 killer bees
  7 electric eels
  8 howler monkeys
  2 gnoll boudas
  2 hounds (D:4)
  14 orc priests
  A jelly (D:7)
  Jessica (D:2)
  2 iguanas (D:5)
  21 orc wizards
  3 mummies
  14 gnolls
  3 river rats
  9 adders
  4 white imps
  2 ufetubi (D:6)
  8 adder zombies (Ossuary)
  8 worms
  4 dart slugs
  58 orcs
  12 endoplasms
  2 giant cockroaches
  2 hobgoblins
  A quokka (D:1)
  5 ball pythons
  6 bats
  A frilled lizard (D:2)
  4 gnoll zombies (Ossuary)
  10 goblins
  6 hobgoblin zombies (Ossuary)
  16 kobolds
  4 kobold zombies (Ossuary)
  4 orc zombies (Ossuary)
  14 rats
683 creatures vanquished.

Vanquished Creatures (collateral kills)
  A deep elf knight (Elf:2)
  2 deep elf pyromancers (Elf:2)
3 creatures vanquished.

Vanquished Creatures (others)
  An orc wizard (D:5)
  3 orcs
  50 fungi
  58 plants
  17 withered plants (Lair:5)
129 creatures vanquished.

Grand Total: 815 creatures vanquished

Notes
Turn   | Place    | Note
-------+----------+-------------------------------------------
     0 | D:1      | Lobster4 the Gargoyle Earth Elementalist began the quest
                  | for the Orb.
     0 | D:1      | Reached XP level 1. HP: 10/10 MP: 3/3
   247 | D:1      | Reached XP level 2. HP: 15/15 MP: 3/5
   451 | D:1      | Reached skill level 4 in Earth Magic
   515 | D:1      | Reached skill level 1 in Transmutations
   524 | D:1      | Reached XP level 3. HP: 19/20 MP: 6/6
   997 | D:2      | Learned a level 2 spell: Passwall
  1001 | D:2      | Learned a level 3 spell: Stone Arrow
  1308 | D:2      | Reached XP level 4. HP: 24/24 MP: 5/7
  1406 | D:2      | Noticed Jessica
  1412 | D:2      | Killed Jessica
  1413 | D:2      | Reached skill level 1 in Armour
  1413 | D:2      | Reached skill level 1 in Shields
  1771 | D:3      | Reached skill level 1 in Fighting
  1771 | D:3      | Reached XP level 5. HP: 19/29 MP: 8/8
  1783 | D:3      | Found a glowing drain.
  1788 | Sewer    | Entered a sewer
  1855 | Sewer    | Noticed a kobold brigand
  1855 | Sewer    | Noticed a kobold brigand
  1873 | Sewer    | Killed a kobold brigand
  1882 | Sewer    | Killed a kobold brigand
  1883 | Sewer    | Reached skill level 1 in Staves
  1883 | Sewer    | Reached skill level 1 in Conjurations
  1883 | Sewer    | Reached skill level 1 in Evocations
  1883 | Sewer    | Reached XP level 6. HP: 15/34 MP: 5/9
  2010 | Sewer    | Reached skill level 1 in Throwing
  2010 | Sewer    | Reached skill level 5 in Earth Magic
  2287 | Sewer    | Reached XP level 7. HP: 32/39 MP: 7/10
  2699 | D:3      | Found a faded altar of an unknown god.
  3068 | D:4      | Found a sand-covered staircase.
  3076 | Ossuary  | Entered an ossuary
  3166 | Ossuary  | Reached skill level 6 in Earth Magic
  3166 | Ossuary  | Reached XP level 8. HP: 42/45 MP: 9/12
  3804 | D:4      | Found a hazy altar of Hepliaklqana.
  4274 | D:5      | Entered Level 5 of the Dungeon
  4337 | D:5      | HP: 2/45 [something/magic dart (8)]
  4877 | D:5      | Noticed Edmund
  4877 | D:5      | Noticed Prince Ribbit
  4891 | D:5      | Found a staircase to the Ecumenical Temple.
  5055 | D:5      | Found a snail-covered altar of Cheibriados.
  5201 | Temple   | Entered the Ecumenical Temple
  5206 | Temple   | Became a worshipper of Vehumet
  5454 | D:6      | Reached skill level 7 in Earth Magic
  5620 | D:6      | Found a shimmering blue altar of Sif Muna.
  5742 | D:6      | Reached XP level 9. HP: 51/51 MP: 12/14
  6147 | D:7      | Found Tinneeb's Magic Scroll Boutique.
  6161 | D:7      | Bought a scroll of noise for 13 gold pieces
  6329 | D:7      | Reached * piety under Vehumet
  6329 | D:7      | Offered knowledge of Shock by Vehumet.
  6389 | D:7      | Reached skill level 8 in Earth Magic
  6533 | D:7      | Bought a scroll of butterflies for 52 gold pieces
  6533 | D:7      | Bought a scroll of vulnerability for 52 gold pieces
  6804 | D:8      | Found a shimmering altar of Xom.
  7005 | D:8      | Reached skill level 5 in Armour
  7005 | D:8      | Reached skill level 5 in Shields
  7013 | D:8      | Reached skill level 5 in Fighting
  7013 | D:8      | Reached skill level 9 in Earth Magic
  7163 | D:8      | Reached XP level 10. HP: 59/59 MP: 15/17
  7173 | D:8      | Reached skill level 5 in Spellcasting
  7275 | D:8      | Found Onkoim's Antique Weapon Emporium.
  7646 | D:8      | Noticed Psyche
  7824 | D:8      | Noticed Pikel
  7844 | D:8      | Killed Pikel
  8008 | D:9      | Noticed Grum
  8047 | D:9      | Found an ancient bone altar of Kikubaaqudgha.
  8064 | D:8      | Offered knowledge of Magic Dart by Vehumet.
  8067 | D:8      | Learned a level 1 spell: Magic Dart
  8123 | D:9      | Reached ** piety under Vehumet
  8167 | D:8      | Reached skill level 10 in Earth Magic
  8212 | D:9      | Found a shadowy altar of Dithmenos.
  8227 | D:9      | Noticed Gastronok
  8309 | D:9      | Found a staircase to the Orcish Mines.
  8561 | D:9      | Killed Grum
  8635 | D:9      | Found an ornate altar of the Wu Jian Council.
  8945 | D:9      | Noticed Harold
  8952 | D:9      | Killed Harold
  8953 | D:9      | Reached skill level 11 in Earth Magic
  8953 | D:9      | Reached XP level 11. HP: 55/66 MP: 4/19
  9066 | D:9      | Killed Gastronok
  9239 | D:9      | Noticed Maggie
  9258 | D:9      | Killed Maggie
  9499 | D:10     | Entered Level 10 of the Dungeon
  9640 | D:10     | Noticed a soul eater
  9659 | D:10     | Reached skill level 5 in Conjurations
  9971 | D:10     | Offered knowledge of Scorch by Vehumet.
  9984 | D:10     | Learned a level 1 spell: Kiss of Death
 10390 | D:11     | Found a stormy altar of Qazlal.
 10440 | D:11     | Noticed a boulder beetle
 10451 | D:11     | Reached skill level 12 in Earth Magic
 10470 | D:11     | Killed a boulder beetle
 10471 | D:11     | Noticed a cyclops
 10619 | D:11     | Found a runed translucent gate.
 10619 | D:11     | Found a runed translucent gate.
 10619 | D:11     | Noticed a purple ugly thing
 10619 | D:11     | Noticed a purple ugly thing
 10619 | D:11     | Noticed a brown ugly thing
 10621 | D:11     | Found a runed translucent gate.
 10621 | D:11     | Noticed a white ugly thing
 10813 | D:11     | Killed a cyclops
 10835 | D:11     | Reached *** piety under Vehumet
 11070 | D:11     | Found a staircase to the Lair.
 11216 | D:11     | Noticed a manticore
 11220 | D:11     | Reached XP level 12. HP: 67/73 MP: 20/22
 11224 | D:11     | Reached skill level 13 in Earth Magic
 12005 | D:12     | Noticed a two-headed ogre
 12009 | D:12     | Killed a two-headed ogre
 12010 | D:12     | Reached skill level 1 in Necromancy
 12069 | D:12     | Offered knowledge of Mephitic Cloud by Vehumet.
 12074 | D:12     | Learned a level 3 spell: Mephitic Cloud
 12274 | D:12     | Noticed Snorg
 12286 | D:12     | Killed Snorg
 12287 | D:12     | Reached skill level 1 in Poison Magic
 12511 | D:12     | Noticed a boulder beetle
 12517 | D:12     | Killed a boulder beetle
 12518 | D:12     | Reached skill level 1 in Air Magic
 12602 | D:12     | Noticed Fannar
 12613 | D:12     | Killed Fannar
 12698 | D:13     | Noticed a frost giant
 12699 | D:13     | Noticed clovenhoof's ghost (journeyman GnWn)
 12702 | D:13     | Found a runed translucent gate.
 12702 | D:13     | Found a runed translucent gate.
 12702 | D:13     | Found a runed translucent gate.
 12761 | Lair:1   | Entered Level 1 of the Lair of Beasts
 12871 | Lair:1   | Reached skill level 14 in Earth Magic
 12913 | Lair:1   | Reached **** piety under Vehumet
 12940 | Lair:1   | Reached skill level 1 in Ice Magic
 13205 | Lair:1   | Found a glowing silver altar of Zin.
 13228 | Lair:1   | Reached XP level 13. HP: 68/80 MP: 3/24
 14097 | Lair:2   | Noticed Nergalle
 14124 | Lair:2   | Found a staircase to the Snake Pit.
 14267 | Lair:2   | Found a staircase to the Swamp.
 14658 | Lair:2   | Offered knowledge of Airstrike by Vehumet.
 14663 | Lair:2   | Learned a level 3 spell: Frozen Ramparts
 15207 | Lair:2   | Killed Nergalle
 15957 | Lair:3   | Reached skill level 15 in Earth Magic
 16687 | Lair:4   | Reached ***** piety under Vehumet
 16689 | Lair:4   | Noticed Urug
 16690 | Lair:4   | Offered knowledge of Iskenderun's Mystic Blast by Vehumet.
 16788 | Lair:4   | Gained mutation: Your large and strong wings let you fly.
                  | [Gargoyle growth]
 16788 | Lair:4   | Reached XP level 14. HP: 87/87 MP: 21/26
 17313 | Lair:5   | Entered Level 5 of the Lair of Beasts
 17352 | Lair:5   | Reached skill level 10 in Fighting
 17391 | Lair:5   | Found a viscous altar of Jiyva.
 17392 | Lair:5   | Found a staircase to the Slime Pits.
 18266 | Lair:5   | Reached skill level 16 in Earth Magic
 18595 | Lair:5   | Noticed a dire elephant
 18609 | Lair:5   | Killed a dire elephant
 18760 | Lair:5   | Identified the +1 fire dragon scales of Beloved Tender
                  | Moments {-Tele rF++ rC- Str+2 Int+2 Dex+6}
 19371 | D:8      | Killed Psyche
 19435 | D:5      | Killed Prince Ribbit
 19441 | D:5      | Killed Edmund
 19561 | D:8      | Bought a pitted battleaxe for 379 gold pieces
 19561 | D:8      | Identified the +4 battleaxe of Breach {vorpal, Dex+4} (You
                  | bought it in a shop on level 8 of the Dungeon)
 19566 | D:8      | Bought a glowing longbow for 313 gold pieces
 20070 | D:13     | Reached skill level 5 in Necromancy
 20167 | D:13     | Reached XP level 15. HP: 93/93 MP: 28/28
 20176 | D:13     | Learned a level 5 spell: Borgnjor's Vile Clutch
 20280 | D:13     | Reached skill level 1 in Ranged Weapons
 21040 | Orc:1    | Entered Level 1 of the Orcish Mines
 21172 | Orc:2    | Entered Level 2 of the Orcish Mines
 21396 | Orc:2    | Offered knowledge of Lee's Rapid Deconstruction by Vehumet.
 21404 | Orc:2    | Learned a level 5 spell: Lee's Rapid Deconstruction
 21485 | Orc:1    | Found Jihasaef's Overcharged Wands.
 21868 | Orc:2    | Found a shimmering altar of Xom.
 22038 | Orc:2    | Noticed an orc warlord
 22056 | Orc:1    | Killed an orc warlord
 22057 | Orc:1    | Reached skill level 17 in Earth Magic
 22145 | Orc:2    | Found a staircase to the Elven Halls.
 22447 | Orc:2    | Noticed an orc warlord
 22857 | Orc:2    | Found Ziud Orgh's Antique Weapon Shoppe.
 22882 | Orc:2    | Found Sishac's Antique Armour Shoppe.
 22971 | Orc:2    | Killed an orc warlord
 22993 | Orc:2    | Reached skill level 10 in Shields
 23043 | Orc:2    | Found Kikheuvu's Assorted Antiques.
 23056 | Orc:2    | Bought a scroll labelled YLOBAI MUG HAL for 32 gold pieces
 23234 | Orc:2    | Found Mil Tas's Jewellery Shoppe.
 23249 | Orc:2    | Found Gison's General Store.
 23355 | Elf:1    | Entered Level 1 of the Elven Halls
 23516 | Elf:1    | Found Jaem's Weapon Shoppe.
 23808 | Elf:1    | Found a portal to a secret trove of treasure.
 23899 | Orc:2    | Bought 2 scrolls of acquirement for 1456 gold pieces
 23901 | Orc:2    | Acquired 765 gold pieces
 23903 | Orc:2    | Acquired a staff of earth
 24001 | Elf:1    | Reached skill level 10 in Armour
 24011 | Elf:1    | Noticed Azrael
 24113 | Elf:1    | Killed Azrael
 24271 | Elf:1    | Reached skill level 10 in Spellcasting
 24293 | Elf:1    | Learned a level 4 spell: Petrify
 24363 | Elf:1    | Reached XP level 16. HP: 92/101 MP: 25/30
 24551 | Elf:1    | Offered knowledge of Yara's Violent Unravelling by Vehumet.
 24806 | Elf:2    | Reached skill level 18 in Earth Magic
 24976 | Elf:2    | Reached skill level 5 in Evocations
 25232 | Orc:2    | Bought a ring of see invisible for 270 gold pieces
 25695 | Elf:2    | Noticed Nikola
 25702 | Elf:2    | Killed from afar by Nikola

Illustrated notes

Levels and vault maps discovered:
D:1:      dpeg_arrival_simpleton_c, layout_rooms
D:2:      layout_loops_corners, uniq_jessica
D:3:      layout_loops_ring, shapermc_ecumenical_altar_venn,
          lightli_sewer_entry_pipes
D:4:      layout_basic, nicolae_hepliaklqana_hippocampus,
          gup_ossuary_entry_pyramid, st_stairs_11
D:5:      layout_cave_pools, cheibriados_altar_1, minmay_temple_entry_wispy,
          uniq_edmund, uniq_prince_ribbit1
D:6:      layout_gridville, nicolae_sif_muna_little_library, nrook_mini_vaults,
          due_unseen_surprise
D:7:      layout_rooms, serial_shops, shop, nicolae_underground_beach
D:8:      layout_basic, mainiacjoe_overflow_24_doors, serial_shops,
          nicolae_inconvenience_store, uniq_pikel, uniq_psyche
D:9:      layout_grid_maze, mainiacjoe_overflow_catwalk,
          nicolae_wu_jian_immortal_techniques, amcnicky_altar_gilded,
          minmay_orc_entry_guard_dogs, supply_closet_lemuel, uniq_harold,
          uniq_gastronok, uniq_grum, uniq_maggie
D:10:     layout_cave_pods
D:11:     layout_basic, due_lair_maze_entry_diamond,
          ploomutoo_gammafunk_ghost_potion_laboratory,
          nicolae_qazlal_general_emergency
D:12:     layout_roguey, uniq_fannar, uniq_snorg
D:13:     layout_roguey, gammafunk_ghost_split, minmay_tree_intersection,
          hangedman_aviary
Temple:   minmay_freezing_vapour_temple
Lair:1:   layout_cave_pods, basic_altar, grunt_megastairs_5
Lair:2:   layout_layer_cave, swamp_mist_pool, guppyfry_snake_entry_island,
          uniq_nergalle
Lair:3:   nzn_motion_control, layout_regular_city, nicolae_quartered_pool_super,
          st_stairs_13, grunt_forest_stairs_basic
Lair:4:   layout_misc_corridors, lemuel_fruit_tree, grunt_megastairs_4,
          infiniplex_staircase_pool_2, uniq_urug
Lair:5:   due_jungle_book, layout_loops_ring, slime_entry_1, grunt_megastairs_1
Orc:1:    layout_caves, nicolae_shop_overcharged_wands
Orc:2:    grunt_orc_cross, layout_diamond_mine, basic_altar,
          guppyfry_orc_lava_fort
Elf:1:    elf_arrival_001, layout_loops_cross, serial_shops,
          nicolae_shop_hallway_stairs, nicolae_trove_entry_path_of_doom,
          hangedman_elf_represent, minivault_16, drop_trap, uniq_azrael
Elf:2:    nicolae_elf_blades_splatter_lattice
          [nicolae_blade_entry_sentries_behind_glass], layout_onion_city,
          uniq_nikola

Skill      XL: |  1  2  3  4  5  6  7  8  9 10 11 12 13 14 15 16 |
---------------+-------------------------------------------------+-----
Earth Magic    | 4 5 6 7 9 11 12 14 15 16 17 18 | 18.6
Transmutations | 1 2 |  2.0
Armour         | 1 2 3 5 6 7 8 9 10 | 10.0
Shields        | 1 2 3 5 6 7 8 9 10 11 | 11.1
Fighting       | 1 2 3 5 6 7 8 9 10 11 12 | 12.2
Dodging        | 2 |  2.0
Staves         | 1 2 3 |  3.0
Stealth        | 3 |  3.0
Conjurations   | 1 2 3 4 6 7 8 |  8.0
Evocations     | 1 2 3 4 5 |  5.0
Throwing       | 1 |  1.0
Spellcasting   | 3 4 5 7 8 9 10 | 10.0
Necromancy     | 2 3 5 6 |  6.0
Poison Magic   | 2 3 |  3.0
Air Magic      | 1 3 |  3.0
Ice Magic      | 1 3 |  3.0
Ranged Weapons | 3 |  3.0

Action                   |  1- 3 |  4- 6 |  7- 9 | 10-12 | 13-15 | 16-18 || total
-------------------------+-------+-------+-------+-------+-------+-------++-------
Melee: Unarmed           |     5 |       |       |       |       |       ||     5
       Short sword       |     4 |       |       |       |       |       ||     4
       Dagger            |    43 |       |       |       |       |       ||    43
       Punch             |     2 |     1 |       |       |       |       ||     3
       Staff             |    40 |    33 |    59 |    11 |    37 |       ||   180
Throw: Dart              |       |       |       |     3 |     4 |       ||     7
       Boomerang         |       |       |       |     2 |       |       ||     2
 Cast: Sandblast         |    28 |    54 |   272 |   164 |   266 |    18 ||   802
       Stone Arrow       |       |       |     4 |   164 |   547 |    61 ||   776
       Magic Dart        |       |       |       |    71 |   145 |       ||   216
       Mephitic Cloud    |       |       |       |     1 |       |       ||     1
       Frozen Ramparts   |       |       |       |       |     5 |       ||     5
       Borgnjor's Vile C |       |       |       |       |    46 |    16 ||    62
Evoke: Wand              |       |       |       |     3 |     1 |       ||     4
       Condenser vane    |       |       |       |       |     1 |       ||     1
  Use: Scroll            |     3 |     8 |     8 |     6 |    11 |     2 ||    38
       Potion            |       |     2 |     1 |     2 |     1 |     4 ||    10
 Stab: Sleeping          |     2 |     1 |     1 |       |       |       ||     4
Armor: Robe              |    47 |    21 |    39 |       |       |       ||   107
       Leather armour    |       |       |    61 |     3 |       |       ||    64
       Ring mail         |       |       |       |    36 |       |       ||    36
       Acid dragon scale |       |       |       |   103 |   273 |    28 ||   404
Dodge: Dodged            |    65 |    32 |   113 |   123 |   261 |    24 ||   618
Block: Buckler           |       |       |       |    42 |    89 |       ||   131
       Kite shield       |       |       |       |       |    91 |    27 ||   118
       Reflection        |       |       |       |       |    31 |     7 ||    38

Table legend: (Time is in decaauts)
 A = Elapsed time spent in this place.
 B = Non-inter-level travel time spent in this place.
 C = Inter-level travel time spent in this place.
 D = Time resting spent in this place.
 E = Time spent auto-exploring this place.
 F = Levels seen in this place.
 G = Mean time per level.
                   A        B        C        D        E       F      G
               +--------+--------+--------+--------+--------+-----+--------+
         Total |  26392 |  24478 |   1914 |   3147 |  15724 |  25 | 1055.7 |
       Dungeon |  13896 |  12600 |   1296 |   1275 |   8618 |  13 | 1068.9 |
        Temple |     10 |     10 |      0 |      0 |      0 |   1 |   10.0 |
          Lair |   6585 |   6261 |    324 |    811 |   4293 |   5 | 1317.0 |
  Orcish Mines |   2440 |   2285 |    155 |    492 |   1126 |   2 | 1220.0 |
   Elven Halls |   2289 |   2152 |    137 |    431 |   1197 |   2 | 1144.5 |
         Sewer |    923 |    923 |      0 |    137 |    354 |   1 |  923.0 |
       Ossuary |    245 |    245 |      0 |      0 |    135 |   1 |  245.0 |
               +--------+--------+--------+--------+--------+-----+--------+

Top non-repeatable levels by time:
  Lair:5: 1858 daAuts
   Orc:2: 1849 daAuts
     D:8: 1641 daAuts
   Elf:1: 1581 daAuts
    D:11: 1571 daAuts
  Lair:2: 1519 daAuts
     D:9: 1439 daAuts
     D:4: 1305 daAuts
    D:12: 1297 daAuts
  Lair:3: 1259 daAuts
  Lair:1: 1108 daAuts
     D:2: 974 daAuts
    D:13: 936 daAuts
   Sewer: 923 daAuts
    D:10: 921 daAuts
